 Dungeon Crawl Stone Soup version 0.31.0-9-g3a7656b989 (webtiles) character file.

Game seed: 683831346931878147

17 James the Poker (level 2, -6/25 HPs)
             Began as a Minotaur Gladiator on Feb 4, 2024.
             Killed by divine providence
             ... invoked by an orc priest
              (16 damage)
             ... on level 1 of the Dungeon.
             The game lasted 00:01:35 (359 turns).

James the Poker (Minotaur Gladiator)                 Turns: 359, Time: 00:01:36

Health: -6/25      AC:  6    Str: 18    XL:     2   Next: 44%
Magic:  1/1        EV: 12    Int: 11    God:
Gold:   20         SH:  0    Dex: 11    Spells: 1/1 levels left

rFire   . . .        a - +0 trident
rCold   . . .        (no shield)
rNeg    . . .        b - +0 leather armour
rPois   .            c - +0 hat
rElec   .            i - +1 cloak {Stlth+}
rCorr   .            g - +0 pair of gloves
SInv    .            (no boots)
Will    .....        (no amulet)
Stlth   ++           o - +6 ring of intelligence
HPRegen 0.24/turn    (no ring)
MPRegen 0.07/turn

%: no passive effects
@: no status effects
A: horns 2, retaliatory headbutt
a: no special abilities


You were on level 1 of the Dungeon.
You visited 1 branch of the dungeon, and saw 2 of its levels.

You collected 20 gold pieces.

Inventory:

Hand Weapons
 a - a +0 trident (weapon)
 f - a +1 mace of distortion {!w}
   (You found it on level 1 of the Dungeon)
 q - a +0 sling
   (You found it on level 1 of the Dungeon)
Missiles
 d - 3 throwing nets (quivered) {!f}
 e - a javelin
 k - 21 stones
 p - 8 poisoned darts
Armour
 b - a +0 leather armour (worn)
 c - a +0 hat (worn)
 g - a +0 pair of gloves (worn)
   (You found it on level 1 of the Dungeon)
 i - a +1 cloak of stealth (worn)
   (You found it on level 1 of the Dungeon)
Magical Staves
 h - a staff of cold
   (You found it on level 1 of the Dungeon)
Jewellery
 o - a +6 ring of intelligence (left hand)
   (You found it on level 1 of the Dungeon)
Scrolls
 l - a scroll of identify {unknown}
 n - a scroll of fear {unknown}
 r - a scroll of vulnerability {unknown}
Potions
 j - a potion of haste {unknown}
 m - a potion of resistance {unknown}


   Skills:
 + Level 2.8 Fighting
 * Level 4.2 Polearms
 - Level 2.0 Throwing
 + Level 3.5 Dodging


You had one spell level left.
You didn't know any spells.
Your spell library was empty.

Dungeon Overview and Level Annotations

Branches:
Dungeon (2/15)

Altars:

Shops:
D:1 *


Innate Abilities, Weirdness & Mutations

You have a pair of horns on your head.
You reflexively headbutt those who attack you in melee.


Message History

You puncture the frilled lizard!
You kill the frilled lizard!
No target in view!
No target in view!
You open the door.
There is an open door here.
There is an open door here.
Done exploring.
Done exploring.
Search for what [? for help]? .
Unknown command.
Unknown command.
Unknown command.
Unknown command.
There is a stone staircase leading down here.
You climb downwards.
Found the Parchment of Calefaction and Displacement and 8 gold pieces.
There is a stone staircase leading up here.
The helpless orc fails to defend itself.
You hit the orc. The orc hits you but does no damage.
You hit the orc. The orc barely misses you. You furiously retaliate!
You headbutt the orc. You puncture the orc!
You kill the orc!
The orc shouts!
The orc priest shouts!
The orc priest barely misses you. The orc hits you with a +0 whip.
You climb upwards.
There is a stone staircase leading down here.
You hit the orc priest.
The orc priest begins to cast a cantrip, but forgets the words!
The orc misses you.
You barely miss the orc priest.
The orc priest calls down the wrath of Beogh upon you.
Beogh smites you! The orc hits you with a +0 whip.
You puncture the orc priest!
You headbutt the orc priest, but do no damage.
The orc priest hits you with a +0 whip.
* * * LOW HITPOINT WARNING * * *
The orc closely misses you. You furiously retaliate!
You headbutt the orc. You barely miss the orc priest.
The orc priest hits you with a +0 whip.
* * * LOW HITPOINT WARNING * * *
The orc hits you with a +0 whip.
* * * LOW HITPOINT WARNING * * *
You hit the orc priest. The orc priest barely misses you.
The orc closely misses you.
You hit the orc priest.
The orc priest invokes the aid of Beogh against you.
Beogh smites you!
Ouch! That really hurt!
You die...

##............#.
#..............
######.#..##########
#.........# #
#.........# #
#...).....#
####.........##
#.............#
####.o@.......#
#...o......##
#...........########
#...>.....#.†.......
#.........####......
########### #......
#...... #......
#......


You could see an orc priest and an orc.

Vanquished Creatures
  A dart slug (D:1)
  An orc (D:2)
  3 endoplasms (D:1)
  A goblin (D:1)
  A hobgoblin (D:1)
  A quokka (D:1)
  A ball python (D:1)
  A bat (D:1)
  A frilled lizard (D:1)
  A kobold (D:1)
  2 rats (D:1)
14 creatures vanquished.

Notes
Turn   | Place    | Note
-------+----------+-------------------------------------------
     0 | D:1      | James the Minotaur Gladiator began the quest for the Orb.
     0 | D:1      | Reached XP level 1. HP: 18/18 MP: 0/0
    52 | D:1      | Reached skill level 4 in Polearms
   111 | D:1      | Reached XP level 2. HP: 25/25 MP: 1/1
   221 | D:1      | Found Ninun's General Store.
   359 | D:1      | Killed from afar by an orc priest

Illustrated notes

Levels and vault maps discovered:
D:1:      lightli_arrival_statuegarden, layout_rooms, serial_shops,
          nicolae_shop_rolling_square
D:2:      layout_loops_cross, uniq_natasha, uniq_robin, uniq_sigmund

Skill      XL: |  1 |
---------------+----+-----
Polearms       | 4 |  4.2
Fighting       | |  2.8
Throwing       | |  2.0
Dodging        | |  3.5

Action                     || total
---------------------------++-------
  Melee: Trident           ||    31
         Headbutt          ||     5
   Stab: Sleeping          ||     2
 Armour: Leather armour    ||     8
  Dodge: Dodged            ||    11
